 Dungeon Crawl Stone Soup version 0.19-a0-831-gce7da8b (webtiles) character file.

7951 benbatman the Protected (level 11, -11/102 HPs)
             Began as a Minotaur Fighter on June 30, 2016.
             Was a Believer of Hepliaklqana.
             Mangled by a death yak simulacrum (24 damage)
             ... in an ice cave.
             The game lasted 00:23:32 (8831 turns).

benbatman the Protected (Minotaur Fighter)          Turns: 8831, Time: 00:23:33

Health: -11/102    AC: 14    Str: 27    XL:     11   Next: 3%
Magic:  10/10      EV:  8    Int:  5    God:    Hepliaklqana [**....]
Gold:   499        SH: 10    Dex: 13    Spells: 0 memorised, 10 levels left

rFire  . . .     SeeInvis +     s - +3 whip (venom)
rCold  . . .     Gourm    .     b - +0 scale mail
rNeg   . . .     Faith    .     c - +0 shield
rPois  .         Spirit   .     (helmet restricted)
rElec  .         Dismiss  .     (no cloak)
rCorr  .         Reflect  .     L - +0 pair of gloves
SustAt .         Harm     .     x - +2 pair of boots
MR     .....                    (no amulet)
Stlth  ..........               D - ring of see invisible
                                j - +6 ring of strength

@: not resistant to hostile enchantments, extremely unstealthy
A: retaliatory headbutt, horns 2
a: Recall Ancestor, Ancestor Identity, Renounce Religion


You were in an ice cave.
You worshipped Hepliaklqana.
Hepliaklqana was pleased with you.
You were not hungry.

You visited 2 branches of the dungeon, and saw 10 of its levels.
You also visited: Ice Cave.

You collected 499 gold pieces.

Inventory:

Hand Weapons
 a - a +0 trident
 s - a +3 whip of venom (weapon)
 u - a cursed +0 blowgun
 H - a +1 whip of freezing
Missiles
 k - 65 poisoned needles
Armour
 b - a +0 scale mail (worn)
 c - a +0 shield (worn)
 x - a +2 pair of boots (worn)
 L - a +0 pair of gloves (worn)
Jewellery
 j - a +6 ring of strength (left hand)
 q - an uncursed ring of sustain attributes
 D - a ring of see invisible (right hand)
Wands
 n - a wand of heal wounds (4/9)
 v - a wand of polymorph (8/24)
 w - a wand of slowing (36/48)
 B - a wand of random effects (17/48)
 R - a wand of teleportation (5/9)
Scrolls
 d - 8 scrolls of identify
 i - a scroll of recharging
 m - 2 scrolls of teleportation
 o - 2 scrolls of fog
 p - a scroll of magic mapping
 y - a scroll of remove curse
 E - 2 scrolls of amnesia {unknown}
 I - 2 scrolls of enchant armour {unknown}
 O - 2 scrolls of blinking {unknown}
 Q - a scroll of enchant weapon
Potions
 e - 4 potions of brilliance
 g - 4 potions of haste
 h - a potion of curing {unknown}
 r - 2 potions of lignification {unknown}
 t - 2 potions of heal wounds {unknown}
 z - a potion of might
 A - a potion of agility
 C - a potion of mutation {unknown}
 J - a potion of magic {unknown}
 M - 2 potions of flight {unknown}
Books
 N - a book of Flames

   Spells                             Type                      Level
   a - Flame Tongue                   Conjuration/Fire             1
   b - Throw Flame                    Conjuration/Fire             2
   c - Conjure Flame                  Conjuration/Fire             3
   d - Inner Flame                    Hexes/Fire                   3
   e - Sticky Flame                   Conjuration/Fire             4
   f - Fireball                       Conjuration/Fire             5
Comestibles
 f - 9 bread rations
 l - 2 fruits
 F - 2 meat rations
 G - a beef jerky
 K - a slice of pizza
 P - 10 chunks of flesh


   Skills:
 * Level 11.2 Fighting
 - Level 11.2 Maces & Flails
 - Level 6.0 Polearms
 * Level 12.1 Armour
 - Level 3.6 Shields


You had 10 spell levels left.
You didn't know any spells.

Dungeon Overview and Level Annotations

Branches:
Dungeon (9/15)             Temple (0/1) D:6            Lair (1/6) D:9
    Orc: D:9-12

Altars:
Elyvilon
Fedhas
Hepliaklqana
Makhleb
Nemelex Xobeh
Okawaru
Pakellas
Sif Muna
Uskayaw
Vehumet
Xom
Zin

Shops:
D:5 (


Innate Abilities, Weirdness & Mutations

You reflexively headbutt those who attack you in melee.
You have a pair of horns on your head.


Message History

The alligator simulacrum tail-slaps you but does no damage.
Eadwine hits the alligator simulacrum with a dagger of draining.
Eadwine points at the alligator simulacrum and mumbles some strange words.
The alligator simulacrum resists with some effort.
Zapping:
n - a wand of heal wounds (6/9)
Press: ? - help, Shift-Dir - straight line, f - you You feel much better.
This wand has 5 charges left.
The alligator simulacrum bites you!
* * * LOW HITPOINT WARNING * * *
The alligator simulacrum freezes you!
* * * LOW HITPOINT WARNING * * *
The alligator simulacrum tail-slaps you but does no damage.
Eadwine hits the alligator simulacrum but does no damage.
Zapping:
n - a wand of heal wounds (5/9)
Press: ? - help, Shift-Dir - straight line, f - you You feel much better.
This wand has 4 charges left.
The death yak simulacrum gores you!
* * * LOW HITPOINT WARNING * * *
The death yak simulacrum freezes you!!
You die...

#### ##..##
###....##
..##...Z...#
.......Z@∩.#
#......R...#
##..##....##
## ##..##
####


You could see the friendly Eadwine the hexer, an alligator simulacrum and a
death yak simulacrum.

Vanquished Creatures
  Pikel (D:4)
  Grinder (D:4)
  2 blink frogs (Lair:1)
  The ghost of Gruud the Grave Robber, an amateur DsNe of Uskayaw (D:4)
  A spriggan (D:7)
  2 basilisks (D:9)
  6 porcupines
  2 orc warriors
  2 sky beasts
  2 ice beasts
  3 slaves (D:4)
  3 ogres
  A phantom (D:8)
  3 centaurs
  4 crocodiles
  5 giant frogs
  9 big kobolds (D:8)
  A gnoll sergeant (D:8)
  A wyvern skeleton (D:8)
  3 scorpions
  8 killer bees
  A howler monkey (D:5)
  3 crimson imps
  2 quasits (D:6)
  2 centaur zombies (D:8)
  6 hounds
  3 orc priests (D:5)
  2 jellies
  5 orc wizards
  An iguana (Lair:1)
  6 worker ants
  A polar bear simulacrum (IceCv)
  A wolf simulacrum (IceCv)
  6 sheep (D:9)
  A hound skeleton (D:4)
  6 gnolls (D:8)
  A worker ant zombie (D:7)
  16 adders
  5 river rats (D:9)
  2 shadow imps
  An ooze (D:5)
  An adder skeleton (D:4)
  An adder zombie (D:7)
  6 worms
  4 dart slugs
  10 giant geckos
  18 orcs
  7 giant cockroaches
  2 hobgoblins (D:2)
  12 jackals
  2 quokkas
  4 bats
  11 giant newts
  10 goblins
  18 kobolds
  6 rats (D:3)
244 creatures vanquished.

Vanquished Creatures (collateral kills)
  A hydra (Lair:1)
  2 blink frogs (Lair:1)
  2 big kobolds (D:8)
  2 sheep (D:9)
  A gnoll (D:8)
  A worm (D:5)
  An orc (D:5)
  A quokka (D:5)
11 creatures vanquished.

Vanquished Creatures (others)
  A fire dragon (D:9)
  A slave (D:4)
  A hexer (D:9)
  3 ancestors
  3 bushes (D:9)
  A fungus (D:9)
  8 plants (D:9)
18 creatures vanquished.

Grand Total: 273 creatures vanquished

Notes
Turn   | Place    | Note
--------------------------------------------------------------
     0 | D:1      | benbatman the Minotaur Fighter began the quest for the Orb.
     0 | D:1      | Reached XP level 1. HP: 19/19 MP: 0/0
   145 | D:1      | Reached XP level 2. HP: 26/26 MP: 1/1
  1027 | D:2      | Reached XP level 3. HP: 30/31 MP: 2/2
  1086 | D:2      | Reached skill level 5 in Polearms
  1478 | D:2      | Reached XP level 4. HP: 39/39 MP: 3/3
  1831 | D:2      | Found a shimmering altar of Xom.
  2127 | D:3      | Noticed an orc warrior
  2139 | D:3      | Killed an orc warrior
  2139 | D:3      | Reached XP level 5. HP: 36/45 MP: 4/4
  2307 | D:3      | Reached XP level 6. HP: 49/51 MP: 5/5
  2734 | D:4      | Noticed a slave
  2735 | D:4      | Noticed a slave
  2737 | D:4      | Noticed Pikel
  2739 | D:4      | Noticed a slave
  2747 | D:4      | Killed a slave
  2750 | D:4      | Killed a slave
  2789 | D:4      | Reached skill level 5 in Maces & Flails
  2791 | D:4      | Noticed a slave
  2792 | D:4      | Noticed Gruud's ghost (amateur DsNe)
  2797 | D:4      | Killed a slave
  2840 | D:4      | Killed Pikel
  2840 | D:4      | Reached XP level 7. HP: 16/57 MP: 6/6
  3291 | D:4      | Killed Gruud's ghost
  3521 | D:4      | Reached XP level 8. HP: 64/64 MP: 7/7
  3690 | D:4      | Noticed Grinder
  3699 | D:4      | Paralysed by Grinder for 7 turns
  3715 | D:4      | Killed Grinder
  3715 | D:4      | Reached skill level 10 in Maces & Flails
  4379 | D:5      | Entered Level 5 of the Dungeon
  4417 | D:5      | Found a sparkling altar of Nemelex Xobeh.
  4456 | D:5      | Found a hazy altar of Hepliaklqana.
  4463 | D:5      | Became a worshipper of Hepliaklqana
  4891 | D:5      | Found Kozxaem's Weapon Shoppe.
  4968 | D:5      | Found an iron altar of Okawaru.
  4968 | D:5      | Found a radiant altar of Vehumet.
  4988 | D:5      | Reached skill level 4 in Armour
  5154 | D:5      | Found a hide-covered altar of Uskayaw.
  5316 | D:6      | Found a staircase to the Ecumenical Temple.
  5412 | D:6      | Reached skill level 5 in Armour
  5425 | D:6      | Found a radiant altar of Vehumet.
  5715 | D:6      | Reached skill level 6 in Armour
  5761 | D:6      | Reached * piety under Hepliaklqana
  5848 | D:6      | Reached XP level 9. HP: 73/73 MP: 8/8
  5871 | D:6      | Reached skill level 5 in Fighting
  5916 | D:7      | Found a blossoming altar of Fedhas.
  5949 | D:7      | Found a deep blue altar of Sif Muna.
  6003 | D:7      | Reached skill level 7 in Armour
  6433 | D:7      | Reached skill level 8 in Armour
  6596 | D:7      | Found a white marble altar of Elyvilon.
  7019 | D:8      | Reached skill level 9 in Armour
  7073 | D:8      | Found a glowing silver altar of Zin.
  7543 | D:8      | Reached XP level 10. HP: 88/88 MP: 9/9
  7561 | D:8      | Reached skill level 10 in Armour
  7799 | D:8      | Found a burning altar of Makhleb.
  7799 | D:8      | Noticed a blizzard demon
  7868 | D:9      | Reached ** piety under Hepliaklqana
  7869 | D:9      | Remembered your ancestor Eadwine as a hexer
  8010 | D:9      | Found a staircase to the Lair.
  8014 | D:9      | Reached skill level 11 in Armour
  8519 | D:9      | Found an oddly glowing altar of Pakellas.
  8521 | D:9      | Noticed a fire dragon
  8531 | D:9      | Killed a fire dragon
  8599 | D:9      | Reached skill level 10 in Fighting
  8706 | Lair:1   | Entered Level 1 of the Lair of Beasts
  8787 | Lair:1   | Noticed a four-headed hydra
  8797 | Lair:1   | Killed a four-headed hydra
  8797 | Lair:1   | Reached skill level 12 in Armour
  8797 | Lair:1   | Reached XP level 11. HP: 33/102 MP: 10/10
  8810 | Lair:1   | Found a frozen archway.
  8820 | IceCv    | Entered an ice cave
  8828 | IceCv    | HP: 4/102 [alligator simulacrum (32)]
  8831 | IceCv    | Mangled by a death yak simulacrum

Vault maps used:
D:1:      dpeg_arrival_tiny_i, roderic_lattice_a
D:2:      xom_teletrap_fun, minmay_small_reverse_x
D:4:      grunt_decor_mini_mirrors, uniq_grinder, uniq_pikel
D:5:      lemuel_coloured_pillars_altar, gammafunk_temple_overflow_wave,
          lemuel_round_altar, serial_shops, shop_statue, first_bread,
          nemelex_xobeh_ov_fountains_minmay
D:6:      basic_altar
D:7:      lemuel_doored_altar, lemuel_round_altar, the_bakery, fedhas_altar_4
D:8:      makhleb_altar_promises_db, basic_altar, special_room
D:9:      minmay_lair_entry_grove, gammafunk_pakellas_spire_experiment
Lair:1:   minmay_lair_oklob_chamber, portal_ice_cave_entry_pillars_1, uniq_urug
IceCv:    ice_cave_small_necro

Skill      XL: |  1  2  3  4  5  6  7  8  9 10 |
---------------+-------------------------------+-----
Polearms       | 3 4 5 6 |  6.0
Maces & Flails | 3 4 8 9 11 | 11.2
Armour         | 6 9 12 | 12.1
Fighting       | 4 8 11 | 11.2
Shields        | |  3.6

Action                   |  1- 3 |  4- 6 |  7- 9 | 10-12 || total
-------------------------+-------+-------+-------+-------++-------
Melee: Trident           |    90 |    63 |       |       ||   153
       Headbutt          |     9 |    34 |    68 |    50 ||   161
       Whip              |       |    99 |   377 |   201 ||   677
Invok: Ancestor Life: He |       |       |       |     1 ||     1
Evoke: Wand              |       |       |       |     4 ||     4
  Use: Scroll            |     1 |    10 |     4 |     1 ||    16
       Potion            |       |     2 |     4 |       ||     6
 Stab: Distracted        |       |       |     2 |     1 ||     3
       Confused          |       |       |       |     1 ||     1
  Eat: Chunk             |     1 |       |     9 |       ||    10
       Bread ration      |       |     1 |       |     1 ||     2
       Meat ration       |       |       |     1 |       ||     1
       Pizza             |       |       |     1 |       ||     1
Armor: Scale mail        |    33 |    42 |   107 |    50 ||   232
Dodge: Dodged            |    20 |    29 |    72 |    40 ||   161
Block: Shield            |    35 |    69 |   128 |    70 ||   302
